 Dungeon Crawl Stone Soup version 0.28-a0-773-g130ae17fe5 (webtiles) character file.

Game seed: 6456471829475712279

72 rogsnak the Digger (level 4, 0/34 HPs)
             Began as a Draconian Earth Elementalist on Nov 2, 2021.
             Killed by nerve-wracking pain
             ... invoked by a shadow imp
              (6 damage)
             ... on level 3 of the Dungeon.
             The game lasted 00:02:38 (1724 turns).

rogsnak the Digger (Draconian Earth Elementalist)   Turns: 1724, Time: 00:02:38

Health: 0/34       AC:  5    Str: 10    XL:     4   Next: 7%
Magic:  6/7        EV: 12    Int: 17    God:
Gold:   104        SH:  0    Dex: 11    Spells: 4/8 levels left

rFire   . . .      SeeInvis .   a - +0 dagger (elec)
rCold   . . .      Faith    .   (no shield)
rNeg    . . .      Spirit   .   (armour unavailable)
rPois   .          Reflect  .   (helmet restricted)
rElec   .          Harm     .   (no cloak)
rCorr   .          Rampage  .   (no gloves)
Will    .....                   (no boots)
Stlth   ++........              (no amulet)
HPRegen 0.11/turn               (no ring)
MPRegen 0.10/turn               (no ring)

@: no status effects
A: AC +5, unfitting armour, cold-blooded
a: no special abilities


You were on level 3 of the Dungeon.
You visited 1 branch of the dungeon, and saw 3 of its levels.

You collected 104 gold pieces.

Inventory:

Hand Weapons
 a - a +0 dagger of electrocution (weapon)
Missiles
 b - 96 stones
 g - 15 arrows
 h - 13 bolts
Wands
 j - a wand of flame (13)
Scrolls
 d - 2 scrolls of identify {unknown}
 e - a scroll of teleportation {unknown}
 f - a scroll of enchant weapon {unknown}
 i - 3 scrolls of silence {unknown}
Potions
 c - a potion of curing {unknown}


   Skills:
 + Level 0.3 Fighting
 + Level 2.5 Dodging
 - Level 2.0 Stealth
 - Level 0.2 Unarmed Combat
 + Level 2.6 Spellcasting
 - Level 1.0 Transmutations
 + Level 3.8 Earth Magic


You had 4 spell levels left.
You knew the following spells:

 Your Spells              Type           Power      Damage    Failure   Level
a - Sandblast             Erth           30%        2d9       3%          1
b - Stone Arrow           Conj/Erth      16%        3d8       24%         3

Your spell library contained the following spells:

 Spells                   Type           Power      Damage    Failure   Level
 Passwall                 Tmut/Erth      8%         N/A       10%         2
 Ozocubu's Armour         Ice            2%         N/A       50%         3
 Petrify                  Tmut/Erth      10%        N/A       54%         4
 Metabolic Englaciation   Hex/Ice        1%         N/A       99%         5
 Simulacrum               Ice/Necr       1%         N/A       100%        6


Dungeon Overview and Level Annotations

Branches:
Dungeon (2/15)

Altars:


Innate Abilities, Weirdness & Mutations

Your plain brown scales are hard. (AC +5)
You cannot fit into any form of body armour.
You are cold-blooded and may be slowed by cold attacks.


Message History

Ijyb hits you with a +0 dagger.
* * * LOW HITPOINT WARNING * * *
Unknown command.
Casting: Sandblast (safe; 4% risk of failure)
Confirm with . or Enter, or press ? or * to list all spells.
Aiming: Sandblast (safe; 4% risk of failure)
Press: ? - help, Shift-Dir - straight line, f/p - Ijyb
Aim: Ijyb, wielding a +0 dagger, wearing a +0 ring mail and carrying a wand of flame (13) (heavily wounded, 77% to hit)
Okay, then.
You hit Ijyb but do no damage.
Ijyb is heavily wounded.
Ijyb hits you with a +0 dagger.
* * * LOW HITPOINT WARNING * * *
Unknown command.
Casting: Sandblast (safe; 4% risk of failure)
Confirm with . or Enter, or press ? or * to list all spells.
You don't know that spell.
You aren't carrying any items that you can evoke.
Unknown command.
Okay, then.
You hit Ijyb. Lightning courses through Ijyb!
You kill Ijyb!
You have reached level 4!
You feel clever.
j - a wand of flame (13)
Things that are here:
a +0 dagger; a +0 ring mail; the goblin corpse of Ijyb This spell is quite dangerous to cast!
Memorise Stone Arrow, consuming 3 spell levels and leaving 4?
You start memorising the spell.
You continue memorising. x3
You finish memorising.
Spell assigned to 'b'.
A shadow imp comes into view.
The shadow imp shouts, "Give up, thou rank earth-vexing skainsmate!"
Casting: Sandblast (safe; 3% risk of failure)
Confirm with . or Enter, or press ? or * to list all spells.
The spell is quite dangerous to cast (24% risk of failure)!
Continue anyway?
Okay, then.
The shadow imp gestures at you. Pain shoots through your body!
You die...

..# ..####
##########
.....####........#
.......##.######.#
.....#.##.# #)#
..#.##.##.# #.#
..........# #.#
.....#.#### #.#
.....#.# #@#
.......# #.#
..####.. #.# ..##
#.. #.# ...# #..g
#5# ##.# #... #.#
##.###... #..
##..... #########
##..######.......#


You could see a shadow imp.

Vanquished Creatures
  Ijyb (D:3)
  An adder (D:2)
  A dart slug (D:1)
  An endoplasm (D:3)
  A giant cockroach (D:1)
  3 goblins
  4 hobgoblins (D:1)
  7 jackals
  4 ball pythons (D:1)
  4 frilled lizards (D:1)
  6 kobolds
  A rat (D:1)
34 creatures vanquished.

Notes
Turn   | Place    | Note
-------+----------+-------------------------------------------
     0 | D:1      | rogsnak the Draconian Earth Elementalist began the quest
                  | for the Orb.
     0 | D:1      | Reached XP level 1. HP: 14/14 MP: 3/3
   421 | D:1      | Reached XP level 2. HP: 11/20 MP: 5/5
  1247 | D:2      | Reached XP level 3. HP: 26/26 MP: 4/6
  1650 | D:2      | You fall into a shaft and drop 1 floor!
  1703 | D:3      | Noticed Ijyb
  1713 | D:3      | Killed Ijyb
  1714 | D:3      | Reached XP level 4. HP: 5/34 MP: 5/7
  1720 | D:3      | Learned a level 3 spell: Stone Arrow
  1724 | D:3      | Killed from afar by a shadow imp

Illustrated notes

Levels and vault maps discovered:
D:1:      minmay_arrival_nine_rooms, layout_basic, minmay_hexomino_c4
D:2:      layout_basic
D:3:      layout_loops_cross, dreamdust_ecumenical_altar_grove,
          portal_sewer_entry_e, serial_shops, shop,
          minmay_misc_feat_four_crosses, uniq_ijyb, uniq_jessica

Skill      XL: |  1  2 |
---------------+-------+-----
Dodging        | 2 |  2.5
Stealth        | 2 |  2.0
Fighting       | |  0.3
Unarmed Combat | |  0.2
Spellcasting   | |  2.6
Transmutations | |  1.0
Earth Magic    | |  3.8

Action                   |  1- 3 |  4- 6 || total
-------------------------+-------+-------++-------
Melee: Unarmed           |    24 |       ||    24
       Dagger            |   113 |       ||   113
       Tailslap          |    18 |       ||    18
 Cast: Sandblast         |     4 |       ||     4
 Stab: Sleeping          |     2 |       ||     2
Armor: Skin              |    36 |       ||    36
Dodge: Dodged            |    65 |       ||    65

Table legend: (Time is in decaauts)
 A = Elapsed time spent in this place.
 B = Non-inter-level travel time spent in this place.
 C = Inter-level travel time spent in this place.
 D = Time resting spent in this place.
 E = Time spent auto-exploring this place.
 F = Levels seen in this place.
 G = Mean time per level.
                   A        B        C        D        E       F      G
               +--------+--------+--------+--------+--------+-----+--------+
         Total |   1722 |   1695 |     27 |    133 |   1167 |   3 |  574.0 |
       Dungeon |   1722 |   1695 |     27 |    133 |   1167 |   3 |  574.0 |
               +--------+--------+--------+--------+--------+-----+--------+

Top non-repeatable levels by time:
     D:1: 1244 daAuts
     D:2: 404 daAuts
     D:3: 73 daAuts
